Map: Backwater LE

Players

Juxtapose

  • Race: Protoss Protoss
  • League: Platinum
  • Spawn Location: 11:00

A.I. 1 (Very Hard) - Winner!

  • Race: Zerg Zerg
  • Spawn Location: 5:00

VOD

https://youtu.be/uTbIwDlAxKg

Description

I recently read about a bug introduced in the latest patch that players are not leveling property against the Versus AI, and it's apparently true.

I was at max Elite Difficulty, and with last game's loose, I'm magically dropped a full difficulty level to Very Hard.

In this match, despite a very successful Oracle harass, I play far too passive, and that costs me.

Time

  • Played on: Feb. 26, 2018, 7:38 p.m.
  • Length: 12:30
Show
View Real Time Build Order
Export as new Build Order

Juxtapose Protoss 

Build Orders: Oracle Opening, Zealot Archon 

Get SALT Encoding   

  12  0:01  Probe  
  13  0:13  Probe  
  14  0:23  Pylon  
  14  0:25  Probe  
  15  0:41  Probe  
  15  0:42  Gateway  
  16  0:53  Probe, Assimilator  
  16  0:57  Assimilator  
  17  1:06  Probe  
  17  1:07  Pylon  
  18  1:18  Probe  
  19  1:30  Probe  
  20  1:33  Cybernetics Core  
  20  1:39  Zealot  
  22  1:42  Probe  
  23  1:54  Probe  
  24  2:06  Probe  
  25  2:11  Warp Gate  
  25  2:13  Adept (Chrono Boost)  
  27  2:23  Probe  
  27  2:26  Pylon  
  28  2:31  Stargate  
  28  2:46  Gateway  
  28  2:51  Pylon  
  28  3:10  Nexus  
  28  3:11  Probe  
  29  3:19  Oracle (Chrono Boost)  
  32  3:48  Gateway  
  32  3:49  Pylon  
  32  3:52  Probe, Twilight Council  
  33  4:04  Probe  
  34  4:16  Probe  
  35  4:20  Pylon  
  35  4:22  Pylon  
  35  4:23  Probe  
  36  4:29  Probe  
  37  4:44  Probe x2  
  39  4:47  Charge  
  39  4:48  Shield Battery  
  39  4:51  Shield Battery, Stalker  
  39  4:52  Stalker  
  43  5:03  Gateway  
  43  5:07  Templar Archives  
  43  5:12  Probe x2  
  45  5:18  Stalker  
  47  5:38  Stalker x2  
  47  5:42  Probe x2  
  53  5:50  Psionic Storm  
  53  5:54  High Templar  
  55  6:07  High Templar  
  57  6:11  Archon  
  57  6:13  Probe x2  
  57  6:15  Assimilator  
  59  6:18  Zealot  
  59  6:19  Zealot, Assimilator  
  59  6:25  Probe x2  
  65  6:26  Robotics Facility  
  65  6:32  Zealot  
  67  6:37  Probe x2  
  69  6:49  Probe x2  
  71  6:59  High Templar  
  73  7:06  Zealot x2  
  77  7:13  Probe  
  77  7:15  High Templar  
  80  7:19  Archon  
  80  7:29  Blink  
  80  7:34  Probe  
  81  7:42  Nexus  
  81  7:49  Pylon  
  81  7:50  Pylon  
  81  7:51  High Templar  
  81  7:53  Zealot  
  85  8:18  High Templar  
  87  8:22  Archon  
  87  8:23  Zealot  
  87  8:24  Stalker  
  92  8:27  Probe x2  
  93  8:39  Probe  
  94  8:51  Gateway  
  94  8:53  Gateway  
  94  8:54  Assimilator  
  94  8:57  Probe x3  
  94  9:00  Zealot  
  94  9:01  Zealot x3  
  105  9:09  Probe x2  
  107  9:14  Forge x2  
  107  9:16  Immortal, Assimilator  
  111  9:29  High Templar x2  
  111  9:30  High Templar  
  117  10:13  Immortal  
  111  10:20  Zealot x2  
  111  10:21  Zealot  
  58  10:47  Zealot x5  
  58  10:48  Zealot  
  58  11:13  Zealot x5  
  58  11:14  Zealot  
  55  11:22  Immortal (Chrono Boost)  
  49  11:26  Void Ray (Chrono Boost)  
  40  11:41  Zealot x4  
  40  11:42  Zealot  
  40  11:43  Zealot  
  39  12:02  Probe  
  34  12:11  Zealot x5  
  34  12:12  Zealot  
  34  12:14  Probe  
Show
View Real Time Build Order
Export as new Build Order

A.I. 1 (Very Hard) Zerg - Winner!

Build Orders: Pool First 

Get SALT Encoding   

  12  0:00  Drone  
  13  0:12  Overlord  
  13  0:17  Drone  
  14  0:30  Drone x2  
  14  0:34  Drone  
  17  0:47  Spawning Pool  
  17  0:48  Drone  
  17  1:11  Hatchery  
  17  1:13  Drone  
  17  1:16  Extractor  
  16  1:19  Drone  
  16  1:23  Drone  
  18  1:27  Drone  
  19  1:38  Overlord  
  19  1:45  Queen  
  21  1:50  Zergling x2  
  22  1:59  Drone  
  23  2:10  Drone  
  24  2:21  Drone, Queen  
  27  2:25  Roach Warren  
  26  2:30  Drone  
  26  2:36  Drone  
  28  2:39  Zergling x2  
  28  2:43  Zergling x2  
  30  2:48  Overlord  
  30  2:52  Drone  
  30  2:54  Drone  
  30  2:57  Drone  
  33  3:00  Drone  
  34  3:07  Roach x2  
  34  3:11  Roach  
  40  3:16  Roach  
  40  3:19  Overlord  
  42  3:24  Drone x2  
  44  3:27  Overlord  
  44  3:32  Overlord  
  44  3:37  Roach  
  44  3:38  Roach  
  48  3:41  Roach  
  50  3:49  Roach x2  
  50  3:53  Roach  
  50  3:54  Roach  
  58  3:57  Roach  
  58  4:00  Drone  
  58  4:01  Drone  
  62  4:03  Drone  
  62  4:05  Drone  
  62  4:08  Extractor  
  63  4:11  Drone  
  63  4:14  Overlord  
  64  4:21  Drone, Overlord  
  64  4:22  Drone  
  66  4:25  Drone  
  66  4:27  Drone  
  66  4:31  Drone  
  66  4:32  Drone  
  66  4:33  Drone  
  66  4:34  Drone  
  66  4:37  Drone  
  66  4:44  Drone  
  66  4:45  Drone  
  68  4:50  Roach x2  
  72  4:53  Roach  
  72  4:56  Roach  
  72  4:59  Overlord  
  76  5:06  Drone  
  77  5:07  Drone  
  77  5:12  Drone x2, Overlord  
  80  5:15  Lair  
  80  5:18  Roach  
  80  5:20  Roach  
  84  5:23  Roach  
  84  5:31  Drone  
  84  5:33  Drone  
  84  5:35  Drone  
  81  5:39  Drone  
  81  5:41  Drone x2  
  79  5:43  Drone  
  79  5:45  Drone  
  79  5:48  Drone  
  82  5:50  Drone  
  82  5:52  Drone  
  82  5:55  Drone  
  82  5:56  Drone  
  86  6:01  Drone  
  87  6:04  Overlord  
  87  6:12  Drone  
  87  6:15  Hydralisk Den  
  87  6:16  Drone x3, Infestation Pit  
  87  6:17  Drone  
  90  6:22  Ravager  
  90  6:24  Extractor  
  90  6:26  Extractor, Drone  
  90  6:27  Drone  
  91  6:35  Evolution Chamber  
  91  6:37  Ravager  
  91  6:39  Evolution Chamber  
  90  6:40  Drone  
  90  6:42  Spine Crawler, Drone  
  90  6:44  Drone  
  90  6:45  Drone x3  
  89  6:50  Drone  
  84  6:55  Hydralisk  
  84  7:01  Drone  
  87  7:02  Zerg Missile Weapons Level 1  
  87  7:05  Hydralisk  
  87  7:08  Spine Crawler  
  88  7:11  Hydralisk  
  88  7:12  Infestor, Hydralisk  
  88  7:13  Drone  
  95  7:16  Drone  
  96  7:23  Overseer, Overlord  
  96  7:27  Drone  
  97  7:34  Drone  
  98  7:38  Drone  
  98  7:41  Infestor, Hydralisk  
  98  7:42  Drone  
  104  7:45  Drone  
  104  7:47  Hatchery  
  104  7:49  Overlord  
  104  7:56  Drone  
  105  7:59  Hydralisk  
  107  8:06  Hydralisk  
  107  8:10  Infestor, Hydralisk, Overlord  
  113  8:18  Infestor  
  115  8:22  Spore Crawler  
  115  8:23  Drone  
  115  8:27  Drone, Spore Crawler  
  114  8:33  Zerg Ground Armor Level 1  
  115  8:37  Hydralisk, Overlord  
  117  8:42  Hydralisk  
  119  8:52  Queen  
  121  8:57  Drone, Lurker Den  
  121  8:59  Drone x2  
  121  9:00  Drone x3  
  126  9:04  Drone  
  126  9:08  Drone  
  126  9:09  Extractor, Overlord  
  127  9:14  Drone x3  
  127  9:16  Drone  
  131  9:19  Drone  
  131  9:20  Drone  
  133  9:25  Drone  
  133  9:30  Drone, Overlord  
  135  9:34  Queen  
  135  9:36  Drone  
  138  9:38  Zerg Missile Weapons Level 2  
  138  9:41  Drone x2  
  138  9:45  Drone  
  141  9:48  Drone  
  141  9:50  Drone  
  141  9:52  Drone  
  137  9:53  Drone  
  137  9:54  Drone  
  137  9:57  Drone  
  137  9:59  Overseer  
  137  10:02  Overlord  
  137  10:03  Drone  
  138  10:08  Drone  
  138  10:11  Hive  
  138  10:12  Pathogen Glands  
  138  10:13  Zergling x6  
  138  10:14  Drone  
  138  10:15  Drone  
  138  10:19  Drone  
  136  10:24  Drone  
  136  10:26  Drone  
  126  10:29  Zergling x2  
  126  10:33  Zergling x4, Roach  
  126  10:34  Metabolic Boost  
  116  10:36  Hydralisk, Roach  
  116  10:40  Roach  
  116  10:42  Infestor, Evolution Chamber, Roach  
  123  10:47  Roach  
  123  10:49  Roach  
  127  10:51  Roach  
  127  10:54  Hydralisk  
  129  10:57  Hydralisk  
  129  11:01  Hydralisk  
  131  11:05  Hydralisk  
  131  11:09  Spine Crawler  
  131  11:11  Spine Crawler  
  131  11:18  Extractor  
  130  11:20  Drone  
  130  11:23  Viper  
  134  11:27  Ravager, Hydralisk  
  134  11:28  Lurker, Roach  
  131  11:41  Drone  
  131  11:43  Infestor  
  131  11:44  Queen  
  131  11:45  Hatchery  
  135  11:48  Spore Crawler  
  135  11:51  Spore Crawler  
  135  11:52  Drone, Roach  
  135  11:53  Spine Crawler  
  135  11:54  Infestor  
  131  11:55  Drone  
  131  11:56  Ravager  
  131  11:57  Roach  
  131  12:00  Hydralisk  
  131  12:01  Lurker  
  140  12:11  Overlord  
  143  12:25  Spine Crawler  
  143  12:28  Spore Crawler  
Tags
 
Add a new tag
Caveats
  • Supply blocks, unpowered buildings, or Contaminate may cause inaccurate times.
  • Supply counts are checked every 10 seconds.